 Dungeon Crawl Stone Soup version 0.28-a0-938-gbc3f381ebc (webtiles) character file.

Game seed: 13483073020504456144

74 GenialerGandalf the Skirmisher (level 4, 0/40 HPs)
             Began as a Hill Orc Fighter on Nov 28, 2021.
             Succumbed to Sigmund's poison
             ... on level 2 of the Dungeon.
             The game lasted 00:04:10 (1380 turns).

GenialerGandalf the Skirmisher (Hill Orc Fighter)   Turns: 1380, Time: 00:04:11

Health: 0/40       AC:  8    Str: 19    XL:     4   Next: 30%
Magic:  2/4        EV:  9    Int:  8    God:
Gold:   55         SH:  4    Dex: 10    Spells: 3/3 levels left

rFire   . . .      SeeInvis .   a - +0 war axe
rCold   . . .      Faith    .   c - +0 buckler
rNeg    . . .      Spirit   +   b - +0 scale mail
rPois   .          Reflect  .   (no helmet)
rElec   .          Harm     .   (no cloak)
rCorr   .          Rampage  .   (no gloves)
Will    .....                   j - +0 pair of boots
Stlth   ..........              m - amulet of guardian spirit
HPRegen 0.13/turn               (no ring)
MPRegen 0.09/turn               (no ring)

@: mighty, lethally poisoned (0 -> -34)
A: no striking features
a: no special abilities


You were on level 2 of the Dungeon.
You visited 1 branch of the dungeon, and saw 2 of its levels.

You collected 55 gold pieces.

Inventory:

Hand Weapons
 a - a +0 war axe (weapon)
Armour
 b - a +0 scale mail (worn)
 c - a +0 buckler (worn)
 j - a +0 pair of boots (worn)
Jewellery
 m - an amulet of guardian spirit (around neck)
Scrolls
 e - a scroll of identify {unknown}
 f - a scroll of enchant weapon {unknown}
 l - a scroll of teleportation
 n - a scroll of acquirement {unknown}
 o - a scroll of magic mapping {unknown}
Potions
 g - a potion of curing {unknown}
 h - a potion of brilliance {unknown}
 i - a potion of degeneration {unknown}
 k - a potion of heal wounds {unknown}


   Skills:
 + Level 4.1 Fighting
 + Level 4.0 Axes
 + Level 3.8 Armour
 + Level 0.4 Dodging
 + Level 3.8 Shields


You had 3 spell levels left.
You didn't know any spells.
Your spell library contained the following spells:

 Spells                   Type           Power      Damage    Failure   Level
 Blade Hands              Tmut           0%         N/A       100%        5
 Irradiate                Conj/Tmut      0%         3d14      100%        5
 Dragon Form              Tmut           0%         N/A       100%        7


Dungeon Overview and Level Annotations

Branches:
Dungeon (2/15)

Altars:

Annotations:
D:2 Sigmund


Message History

The ball python constricts you.
You closely miss the ball python. You barely miss the rat.
The ball python bites you but does no damage.
The ball python constricts you. The rat bites you but does no damage.
You block the ball python's attack. The ball python constricts you.
You slash the ball python!
You kill the ball python!
You hit the rat.
You kill the rat!
There is an open door here.
There is an open door here.
You open the door.
There is an open door here.
There is an open door here.
You open the door.
There is an open door here.
You open the door.
There is an open door here.
There is a faded altar of an unknown god here.
There is an open door here.
You see here a bat skeleton.
Sigmund the Dreaded comes into view.
He is wielding a +4 scythe of venom.
Sigmund shouts!
Sigmund moves out of view.
Sigmund hits you from afar with a +4 scythe of venom!
You are poisoned.
You see here 3 gold pieces.
You feel very mighty all of a sudden.
You feel very sick.
Sigmund hits you from afar with a +4 scythe of venom.
You are more poisoned.
You feel very sick.
You barely miss Sigmund.
You feel very sick.
Sigmund hits you with a +4 scythe of venom!
* * * LOW HITPOINT WARNING * * *
You are more poisoned.
You slash Sigmund!
Sigmund is heavily wounded.
You die...

..>...........#.........######...
.[.....†........)................
###########'#######.#.#######.###
#§≈§≈≈≈≈§≈.#..### #.#..######..##
#≈........§##....##.##.##........
#≈.######.§#.###..#.#............
#≈.######.≈#.. ##.#.#.#.#.....###
#≈.######.≈##?.#............8....
#≈.######.≈#...@@$...##...(######
#≈.######.≈#####.....##....).##
#§.######.≈# #....##..........##
#≈........≈#...######....8.....#
#.≈≈≈§§≈≈≈≈#### #..........#
'########### #..........#
.....#...# #..........#
.......#.# #..........##
.......#.##### ##........#..


You could see Sigmund.

Vanquished Creatures
  2 adders (D:2)
  An adder skeleton (D:2)
  A dart slug (D:1)
  4 ball pythons
  5 bats
  3 endoplasms
  2 giant cockroaches (D:1)
  5 goblins
  A hobgoblin (D:2)
  4 jackals (D:1)
  2 quokkas (D:1)
  A ball python skeleton (D:2)
  2 frilled lizards
  A giant cockroach zombie (D:2)
  A jackal zombie (D:2)
  8 kobolds
  A quokka zombie (D:2)
  6 rats
50 creatures vanquished.

Vanquished Creatures (others)
  4 plants (D:2)
  A withered plant (D:2)
5 creatures vanquished.

Grand Total: 55 creatures vanquished

Notes
Turn   | Place    | Note
-------+----------+-------------------------------------------
     0 | D:1      | GenialerGandalf the Hill Orc Fighter began the quest for
                  | the Orb.
     0 | D:1      | Reached XP level 1. HP: 19/19 MP: 1/1
    77 | D:1      | Reached XP level 2. HP: 19/27 MP: 2/2
   365 | D:1      | Reached XP level 3. HP: 33/33 MP: 3/3
   779 | D:2      | Found a faded altar of an unknown god.
   838 | D:2      | Reached XP level 4. HP: 40/40 MP: 4/4
  1373 | D:2      | Noticed Sigmund
  1380 | D:2      | Succumbed to Sigmund's poison

Illustrated notes

Levels and vault maps discovered:
D:1:      dpeg_arrival_water_temple_mockup, layout_rooms, minmay_heptomino_o4
D:2:      layout_rooms, hellmonk_ecumenical_altar_slurped_away, serial_undead,
          serial_undead_d, serial_undead_c, serial_undead_c, serial_undead_d,
          serial_bayou_pond_d, grunt_ministairs_10, kennysheep_pointless_box,
          chequers_arboretum, uniq_sigmund

Skill      XL: |  1  2  3  4 |
---------------+-------------+-----
Fighting       | 4 |  4.1
Axes           | 3 4 |  4.0
Armour         | |  3.8
Dodging        | |  0.4
Shields        | |  3.8

Action                   |  1- 3 |  4- 6 || total
-------------------------+-------+-------++-------
Melee: War axe           |    88 |    50 ||   138
  Use: Scroll            |       |     1 ||     1
       Potion            |       |     1 ||     1
Armor: Scale mail        |    72 |    12 ||    84
Dodge: Dodged            |    65 |    13 ||    78
Block: Buckler           |    21 |     9 ||    30

Table legend: (Time is in decaauts)
 A = Elapsed time spent in this place.
 B = Non-inter-level travel time spent in this place.
 C = Inter-level travel time spent in this place.
 D = Time resting spent in this place.
 E = Time spent auto-exploring this place.
 F = Levels seen in this place.
 G = Mean time per level.
                   A        B        C        D        E       F      G
               +--------+--------+--------+--------+--------+-----+--------+
         Total |   1433 |   1433 |      0 |     37 |    536 |   2 |  716.5 |
       Dungeon |   1433 |   1433 |      0 |     37 |    536 |   2 |  716.5 |
               +--------+--------+--------+--------+--------+-----+--------+

Top non-repeatable levels by time:
     D:1: 720 daAuts
     D:2: 712 daAuts
